 Dungeon Crawl Stone Soup version 0.25.1-1-g288607f5aa (webtiles) character file.

Game seed: 1515757271922256228

349844 DildoBatman the Necromancer (level 23, -13/148 HPs)
             Began as a Formicid Wizard on July 27, 2020.
             Was an Initiate of Gozag.
             Killed from afar by a fire giant (49 damage)
             ... with a bolt of fire
             ... on level 4 of the Vaults on July 28, 2020.
             The game lasted 02:59:11 (43993 turns).

DildoBatman the Necromancer (Formicid Wizard)      Turns: 43993, Time: 02:59:12

Health: -13/148    AC: 21    Str: 18    XL:     23   Next: 21%
Magic:  36/44      EV: 17    Int: 24    God:    Gozag
Gold:   9611       SH: 20    Dex: 15    Spells: 18/57 levels left

rFire    . . .     SeeInvis +   a - +9 demon trident (elec)
rCold    . . .     Gourm    .   h - +1 tower shield {rN+}
rNeg     + . .     Faith    .   o - +4 troll leather armour
rPois    .         Spirit   .   (helmet unavailable)
rElec    .         Reflect  .   u - +1 cloak {MR+}
rCorr    .         Harm     .   M - +2 pair of gloves
MR       ++++.                  f - +0 pair of boots
Stlth    ++........             m - amulet of magic regeneration
HPRegen  0.74/turn              q - +6 ring of dexterity
MPRegen  0.54/turn              g - +4 ring of protection

@: no status effects
A: permanent stasis, dig shafts and tunnels, four strong arms, antennae 3, claws
1, frail 1, magic resistance 1, strong 1
}: 2/15 runes: serpentine, barnacled
a: Dig, Shaft Self, Potion Petition, Call Merchant, Bribe Branch, Renounce
Religion


You were on level 4 of the Vaults.
You worshipped Gozag.
Gozag was greatly pleased with you.
You were full.

You visited 7 branches of the dungeon, and saw 36 of its levels.
You visited the Abyss 1 time.
You visited 1 bazaar.
You also visited: Sewer, Ice Cave and Wizlab.

You collected 16300 gold pieces.
You spent 6054 gold pieces at shops.
You paid 635 gold pieces to Gozag.

Inventory:

Hand Weapons
 a - a +9 demon trident of electrocution (weapon)
 b - a +3 vorpal hand crossbow
 d - the +8 battleaxe of Luobb {holy, Int+5 Stlth+}
   (You found it on level 3 of the Shoals)

   It has been blessed by the Shining One to cause great damage to the undead
   and demons.
   It affects your intelligence (+5).
   It makes you more stealthy.
 e - the +4 whip "Goblinbane" {pain, *Rage rElec MP+9}
   (You found it on level 2 of the Lair of Beasts)

   In the hands of one skilled in necromantic magic, it inflicts extra damage on
   living creatures.
   It insulates you from electricity.
   It affects your magic capacity (+9).
   It may make you go berserk in combat.
Missiles
 r - 992 bolts
 s - 26 sling bullets
 y - 390 arrows
Armour
 f - a +0 pair of boots (worn)
 h - a +1 tower shield of positive energy (worn)
 o - a +4 troll leather armour (worn)
 u - a +1 cloak of magic resistance (worn)
 M - a +2 pair of gloves (worn)
Magical Staves
 c - an uncursed staff of energy
 w - an uncursed staff of earth {unknown}
Jewellery
 g - a +4 ring of protection (right hand)
 m - an amulet of magic regeneration (around neck)
 q - a +6 ring of dexterity (left hand)
 I - an uncursed ring of protection from magic
 Q - a +6 ring of intelligence
 S - an uncursed ring of resist corrosion
 U - an uncursed ring of protection from fire
Wands
 p - a wand of disintegration (19)
 B - a wand of clouds (6)
 H - a wand of acid (14)
 Y - a wand of iceblast (36)
Scrolls
 n - 6 scrolls of immolation
 x - 26 scrolls of remove curse
 z - 24 scrolls of identify
 A - a scroll of acquirement {unknown}
 C - 5 scrolls of magic mapping
 E - a scroll of amnesia
 G - a scroll of summoning
 P - 3 scrolls of fog
 Z - 4 scrolls of fear
Potions
 i - 2 potions of resistance
 j - a potion of heal wounds
 k - 7 potions of stabbing
 l - 9 potions of brilliance
 t - 2 potions of might
 D - 15 potions of curing
 L - 4 potions of ambrosia
 O - 4 potions of cancellation
 R - 4 potions of invisibility
 W - 3 potions of magic
Miscellaneous
 F - 4 boxes of beasts
 N - a lightning rod (4/4)
 T - 3 phantom mirrors
Comestibles
 v - 25 rations


   Skills:
 - Level 10.0 Fighting
 - Level 10.0 Armour
 - Level 8.0 Dodging
 - Level 2.4 Stealth
 - Level 15.0 Shields
 - Level 17.7 Spellcasting
 - Level 6.0 Conjurations
   Level 1.0 Summonings
 - Level 19.0 Necromancy
   Level 0.8 Translocations
 * Level 12.2 Transmutations
 - Level 5.0 Fire Magic
 - Level 5.0 Air Magic
 - Level 18.0 Earth Magic


You had 18 spell levels left.
You knew the following spells:

 Your Spells              Type           Power        Failure   Level  Hunger
a - Conjure Flame         Conj/Fire      #####...     1%          3    None
b - Borgnjor's Vile Clut  Necr/Erth      #######...   1%          5    None
c - Bolt of Magma         Conj/Fire/Erth ######....   1%          5    None
e - Mephitic Cloud        Conj/Pois/Air  #####...     1%          3    None
f - Necromutation         Tmut/Necr      #######...   28%         8    #######
g - Shatter               Erth           #######...   86%         9    #######
h - Dispel Undead         Necr           #######.     0%          4    None
z - Sublimation of Blood  Necr           #######...   0%          2    None

Your spell library contained the following spells:

 Spells                   Type           Power        Failure   Level  Hunger
 Animate Skeleton         Necr           N/A          0%          1    None
 Pain                     Necr           ####         0%          1    None
 Sandblast                Erth           ######       0%          1    None
 Passwall                 Tmut/Erth      #######.     0%          2    None
 Vampiric Draining        Necr           #######...   0%          3    None
 Animate Dead             Necr           N/A          0%          4    None
 Apportation              Tloc           ####..       1%          1    None
 Foxfire                  Conj/Fire      ####         1%          1    None
 Magic Dart               Conj           ####         1%          1    None
 Shock                    Conj/Air       ####         1%          1    None
 Sting                    Tmut/Pois      ####         1%          1    None
 Summon Butterflies       Summ           ####....     1%          1    None
 Summon Small Mammal      Summ           ####         1%          1    None
 Corpse Rot               Necr/Air       N/A          1%          2    None
 Poisonous Vapours        Pois/Air       ####..       1%          2    None
 Ignite Poison            Fire/Tmut/Pois #####...     1%          3    None
 Static Discharge         Conj/Air       #####...     1%          3    None
 Stone Arrow              Conj/Erth      ######       1%          3    None
 Leda's Liquefaction      Hex/Erth       ######....   1%          4    None
 Petrify                  Tmut/Erth      #######.     1%          4    None
 Agony                    Necr           #######.     1%          5    None
 Excruciating Wounds      Chrm/Necr      ######....   1%          5    None
 Irradiate                Conj/Tmut      ######....   1%          5    None
 Lee's Rapid Deconstruct  Erth           #######...   1%          5    None
 Death Channel            Necr           #######...   1%          6    ####...
 Statue Form              Tmut/Erth      #######..    1%          6    ####...
 Corona                   Hex            ###....      2%          1    None
 Call Imp                 Summ           ####....     2%          2    None
 Dazzling Flash           Conj/Hex       #####.       2%          3    None
 Sticky Flame             Conj/Fire      #####...     2%          4    None
 Inner Flame              Hex/Fire       ####....     3%          3    None
 Iron Shot                Conj/Erth      ######....   3%          6    ####...
 Ensorcelled Hibernation  Hex/Ice        ###...       4%          2    None
 Slow                     Hex            ###.....     4%          2    None
 Call Canine Familiar     Summ           ####....     5%          3    None
 Recall                   Summ/Tloc      N/A          5%          3    None
 Gell's Gravitas          Tloc           ####......   6%          3    None
 Iskenderun's Mystic Bla  Conj/Tloc      #####...     7%          4    None
 Summon Lightning Spire   Summ/Air       #####...     8%          4    None
 Fireball                 Conj/Fire      #####.....   8%          5    None
 Lightning Bolt           Conj/Air       #####.....   8%          5    None
 Borgnjor's Revivificati  Necr           #######...   8%          8    #######
 Infestation              Necr           #######...   8%          8    #######
 Confusing Touch          Hex            ###.....     9%          3    None
 Tukima's Dance           Hex            ###.....     9%          3    None
 Simulacrum               Ice/Necr       ######....   9%          6    ####...
 Summon Ice Beast         Ice/Summ       ###.....     22%         4    None
 Iskenderun's Battlesphe  Conj/Chrm      #####...     22%         5    None
 Olgreb's Toxic Radiance  Pois           ###.....     26%         4    None
 Haunt                    Necr/Summ      ######....   36%         7    #####..
 Starburst                Conj/Fire      #####.....   41%         6    ####...
 Summon Mana Viper        Hex/Summ       ###.....     52%         5    None
 Death's Door             Chrm/Necr      ######....   98%         8    #######
 Ring of Flames           Chrm/Fire      ####......   100%        7    #####..
 Summon Hydra             Summ           ####......   100%        7    #####..
 Ignition                 Fire           #####.....   100%        8    #######
 Blink                    Tloc           Unusable     N/A         2    N/A
 Controlled Blink         Tloc           Unusable     N/A         8    N/A

Dungeon Overview and Level Annotations

Branches:
Dungeon (15/15)            Temple (1/1) D:7            Lair (6/6) D:11
 Shoals (4/4) Lair:2        Snake (4/4) Lair:3        Slime (0/5) Lair:6
    Orc (2/2) D:9             Elf (0/3) Orc:2        Vaults (4/5) D:14
  Crypt (0/3) Vaults:2     Depths (0/5) D:15          Sewer (visited)
  IceCv (visited)          WizLab (visited)

Altars:
Ashenzari
Cheibriados
Dithmenos
Elyvilon
Fedhas
Gozag
Hepliaklqana
Kikubaaqudgha
Makhleb
Nemelex Xobeh
Okawaru
Qazlal
Ru
Sif Muna
Trog
Uskayaw
Vehumet
Wu Jian
Xom
Yredelemnul
Zin
The Shining One

Shops:
D:6 [   D:9 }   D:15 *   Orc:2 ([*[=   Shoals:3 [*=   Shoals:4 [   Snake:4 %
Vaults:1 ?

Portals:
Trove: D:12 (give +3 gold dragon scales)

Annotations:
Snake:3 2 transporters


Innate Abilities, Weirdness & Mutations

You cannot be hasted, slowed, berserked, paralysed or teleported.
You can dig through walls and to a lower floor.
Your four strong arms can wield two-handed weapons with a shield.
You have a pair of large antennae on your head. (SInv)
You have sharp fingernails.
You are frail. (-10% HP)
You are resistant to hostile enchantments. (MR+)
Your muscles are strong. (Str +2)


Message History

The vault warden looks frightened!
A vault warden opens the door.
An ettin opens the door.
Casting: Borgnjor's Vile Clutch (safe; 1% risk of failure)
Confirm with . or Enter, or press ? or * to list all spells.
Aiming: Borgnjor's Vile Clutch (safe; 1% risk of failure)
Press: ? - help, Shift-Dir - straight line, f/p - fire giant
Aim: a fire giant, wielding a +0 great sword of flaming (severely wounded) Zombie hands grab the fire giant.
The zombie hands constrict the fire giant!
The deep elf archer is no longer distracted by gold.
You block the fire giant's attack.
The deep elf archer blinks!
The zombie hands constrict the fire giant.
The deep elf archer blinks!
The zombie hands constrict the fire giant!
The fire giant points at you and mumbles some strange words.
The bolt of fire hits you!!!
You die...
Your body crumbles into a pile of gold.

#########..###
#......##.....
#############.)....##.....
#...........#......######+
#...........#...)..#......
#..#######e.#.....)#......
#..#{#.#.#..+)).)))'......
#..#'#+#+#ยง.########......
#..#.'.'.@C.# #.....)
#..#p#C###..# #.....# #..#
#.'.#..# #.....#
#..#######..# #.....#
#...........# #..)..#
#...........# #.....#
############# #.....+
#############.....#
########.....).....#.....#


You could see a fire giant (clutched), a vault warden (fleeing), an ettin
(fleeing) and a deep elf archer (repels missiles, fleeing).

Vanquished Creatures
  Vashnia (Snake:2)
  Saint Roka (Snake:4)
  The ghost of theMacoje the Slayer, an adept OgEn of Okawaru (Vaults:1)
  Rupert (D:13)
  Jorgrun (D:15)
  The ghost of Xafer the Impaler, an adept DsGl of Okawaru (Vaults:1)
  A lich (Vaults:3)
  Asterion (Vaults:2)
  Kirke (Snake:2)
  Donald (Snake:4)
  12 nagarajas
  2 deep elf sorcerers
  10 vault wardens
  3 frost giants
  A fire giant (Vaults:2)
  Louise (D:15)
  8 ironheart preservers
  2 stone giants
  3 entropy weavers
  Nessos (D:13)
  A deep elf annihilator (Vaults:2)
  12 purple draconians (WizLab)
  2 ettins
  9 statues (WizLab)
  Snorg (D:12)
  4 merfolk javelineers (Shoals:4)
  An ettin (shapeshifter) (Vaults:3)
  5 merfolk impalers
  A deep elf death mage (Vaults:2)
  3 fire dragons
  Josephine (D:14)
  8 yaktaur captains
  12 ogre magi
  4 vault guards
  3 great orbs of eyes
  2 ice dragons
  Erolcha (D:9)
  4 rakshasas
  Fannar (D:11)
  2 hydras
  13 naga warriors
  10 centaur warriors
  3 death knights
  2 tengu warriors
  3 catoblepae (Lair:6)
  39 two-headed ogres
  5 merfolk avatars
  6 merfolk aquamancers
  2 satyrs
  16 anacondas
  A queen ant (Lair:5)
  3 orc high priests (Orc:2)
  9 death yaks
  A hell knight (Vaults:2)
  Urug (D:11)
  3 shock serpents
  Nergalle (D:12)
  19 naga sharpshooters
  5 deep elf knights
  4 salamander mystics (Snake:4)
  A storm dragon skeleton (Vaults:2)
  11 skeletal warriors
  2 glowing orange brains (Vaults:2)
  11 naga ritualists
  7 deep trolls
  15 sea snakes
  20 ironbrand convokers
  4 unseen horrors
  Pikel (D:3)
  A lindwurm (Lair:6)
  17 orc knights
  A wizard (D:14)
  A phantasmal warrior (Vaults:4)
  A harpy (Shoals:4)
  14 deep elf magi
  3 wolf spiders
  4 deep elf archers
  28 ugly things
  A tengu skeleton (Vaults:2)
  11 mana vipers
  A faun (Shoals:1)
  6 orc sorcerers
  A manticore (shapeshifter) (Vaults:2)
  18 manticores
  9 salamanders
  A salamander (shapeshifter) (Vaults:2)
  8 merfolk sirens
  8 cyclopes
  7 guardian serpents
  2 water nymphs (Shoals:4)
  Maurice (D:13)
  9 vault sentinels
  A stone giant skeleton (Vaults:2)
  15 naga magi
  36 black mambas
  2 gargoyles
  A spiny frog (shapeshifter) (Vaults:2)
  4 ice statues
  6 spiny frogs
  2 death yak zombies
  A yaktaur zombie (Vaults:4)
  Maggie (D:6)
  6 kobold demonologists
  6 komodo dragons
  A human zombie (Vaults:4)
  2 yaktaur skeletons (Vaults:2)
  A rime drake (Lair:3)
  11 freezing wraiths
  An efreet (D:15)
  24 yaktaurs
  A catoblepas skeleton (Lair:3)
  2 death yak skeletons (Lair:6)
  A harpy zombie (D:15)
  A tengu conjurer (D:15)
  7 meliai
  4 hydra zombies
  5 polar bears
  12 trolls
  7 wind drakes
  2 hornets
  A meliai (shapeshifter) (Vaults:1)
  14 snapping turtles
  Prince Ribbit (D:6)
  5 blink frogs (Lair:1)
  27 merfolk
  A raiju (shapeshifter) (Vaults:2)
  4 hydra skeletons
  A meliai zombie (D:13)
  8 dream sheep
  15 hippogriffs
  41 slime creatures
  3 black mamba zombies (Lair:6)
  22 water elementals
  Sigmund (D:2)
  76 yaks
  A vampire (D:14)
  A shadow (D:10)
  5 wraiths (D:14)
  4 ettin skeletons (Vaults:2)
  3 wyverns
  A hog (shapeshifter) (D:14)
  7 basilisks
  Eustachio (D:3)
  7 hogs (Snake:2)
  4 hungry ghosts
  A human simulacrum (Vaults:1)
  A golden eye (shapeshifter) (Vaults:2)
  A black mamba skeleton (Lair:6)
  58 nagas
  A warg (shapeshifter) (Vaults:1)
  5 wargs
  2 vampire mosquitoes (D:13)
  3 acid dragons
  Duvessa (D:5)
  A spiny frog zombie (Lair:4)
  6 water moccasins
  19 soldier ants
  12 porcupines
  5 spiny frog skeletons
  13 ice beasts
  6 black bears
  A meliai simulacrum (D:15)
  57 orc warriors
  5 sky beasts
  4 slaves
  2 dream sheep zombies (Lair:4)
  3 eyes of draining
  A blink frog zombie (Lair:3)
  A phantom (D:7)
  12 boggarts
  A dream sheep skeleton (Lair:6)
  20 wolves
  26 ogres
  A blink frog skeleton (Lair:6)
  9 centaurs
  7 crocodiles
  A hippogriff zombie (Lair:6)
  An elephant skeleton (Lair:3)
  4 human skeletons (Vaults:2)
  2 rime drake zombies (IceCv)
  A torpor snail zombie (Lair:6)
  5 big kobolds
  2 rime drake skeletons (IceCv)
  4 komodo dragon zombies
  27 bullfrogs
  3 wyvern zombies
  3 water moccasin zombies
  3 komodo dragon skeletons (Lair:3)
  2 wyvern skeletons
  3 water moccasin skeletons (Lair:3)
  Dowan (D:5)
  5 scorpions
  21 killer bees
  2 yak zombies
  14 wights
  8 crimson imps
  3 bullfrog zombies
  A howler monkey (D:11)
  A basilisk zombie (Lair:6)
  2 centaur zombies
  2 quasits
  6 jellies
  41 orc wizards
  8 centaur skeletons
  23 orc priests
  9 hounds
  8 bullfrog skeletons
  6 iguanas
  3 porcupine zombies
  26 worker ants
  A porcupine skeleton (Lair:6)
  3 crocodile skeletons
  A hound skeleton (D:11)
  A howler monkey zombie (D:9)
  A worker ant zombie (D:9)
  5 gnolls
  11 adders
  6 shadow imps
  2 adder skeletons
  An adder zombie (D:9)
  3 dart slugs
  6 leopard geckos
  105 orcs
  11 giant cockroaches
  9 goblins
  5 hobgoblins
  6 jackals
  25 kobolds
  6 quokkas
  4 ball pythons (Sewer)
  5 bats
  10 frilled lizards
  2 quokka skeletons
  A quokka zombie (D:8)
  10 rats
  3 butterflies (Lair:2)
  A fungus (D:11)
  24 plants
1722 creatures vanquished.

Vanquished Creatures (collateral kills)
  A soldier ant (Lair:5)
  A killer bee (D:8)
  3 worker ants (Lair:5)
5 creatures vanquished.

Vanquished Creatures (others)
  Grum (D:8)
  A soldier ant (Lair:5)
  An ogre (Vaults:3)
  36 fungi
  14 plants
  5 withered plants (Vaults:1)
58 creatures vanquished.

Grand Total: 1785 creatures vanquished

Notes
Turn   | Place    | Note
-------+----------+-------------------------------------------
     0 | D:1      | DildoBatman the Formicid Wizard began the quest for the
                  | Orb.
     0 | D:1      | Reached XP level 1. HP: 13/13 MP: 4/4
    51 | D:1      | Reached skill level 1 in Conjurations
   262 | D:1      | Reached XP level 2. HP: 19/19 MP: 1/6
   807 | D:1      | Reached XP level 3. HP: 18/24 MP: 1/7
   818 | D:1      | Learned a level 3 spell: Conjure Flame
   822 | D:1      | Learned a level 3 spell: Mephitic Cloud
  1250 | D:2      | Found a faded altar of an unknown god.
  1423 | D:2      | Reached XP level 4. HP: 30/30 MP: 6/8
  1947 | D:3      | Noticed Sigmund
  2186 | D:3      | Found a glowing drain.
  2235 | D:3      | Reached XP level 5. HP: 27/35 MP: 9/9
  2289 | Sewer    | Entered a sewer
  2520 | Sewer    | Noticed a bullfrog
  2524 | Sewer    | Noticed a bullfrog
  2530 | Sewer    | Killed a bullfrog
  2530 | Sewer    | Reached skill level 5 in Conjurations
  2530 | Sewer    | Reached XP level 6. HP: 20/41 MP: 10/10
  3233 | D:4      | Noticed Pikel
  3233 | D:4      | Noticed a slave
  3286 | D:4      | Got a polished hand axe
  3288 | D:4      | Identified the +4 hand axe of Fuet {drain, rElec Str+4}
                  | (You found it on level 4 of the Dungeon)
  3359 | D:4      | Reached skill level 1 in Fire Magic
  3359 | D:4      | Reached XP level 7. HP: 33/46 MP: 11/11
  3540 | D:4      | Reached skill level 1 in Air Magic
  3960 | D:5      | Entered Level 5 of the Dungeon
  4209 | D:5      | Noticed Eustachio
  4765 | D:6      | Found Kofacwoa's Antique Armour Boutique.
  4769 | D:6      | Noticed Duvessa
  4769 | D:6      | Noticed Dowan
  5030 | D:6      | Noticed Maggie
  5048 | D:6      | Reached XP level 8. HP: 49/52 MP: 9/12
  5665 | D:7      | Noticed Prince Ribbit
  5750 | D:7      | Found a staircase to the Ecumenical Temple.
  5759 | Temple   | Entered the Ecumenical Temple
  5833 | Temple   | Became a worshipper of Kikubaaqudgha
  5871 | D:7      | Found a bloodstained altar of Trog.
  5922 | D:7      | Reached skill level 5 in Fire Magic
  6628 | D:6      | Killed Prince Ribbit
  6628 | D:6      | Reached skill level 5 in Air Magic
  6628 | D:6      | Reached skill level 1 in Fighting
  6628 | D:6      | Reached skill level 1 in Armour
  6628 | D:6      | Reached XP level 9. HP: 54/59 MP: 10/13
  6857 | D:5      | Killed Dowan
  6883 | D:5      | Killed Duvessa
  6952 | D:3      | Killed Eustachio
  7075 | D:3      | Reached * piety under Kikubaaqudgha
  7075 | D:3      | Identified Kikubaaqudgha's Papyrus of Unholy Magic
                  | (Kikubaaqudgha gifted it to you on level 3 of the Dungeon)
  7075 | D:3      | Received a gift from Kikubaaqudgha
  7210 | D:3      | Killed Pikel
  7628 | D:2      | Killed Sigmund
  7754 | D:8      | Noticed a hippogriff
  7899 | D:8      | Got a dazzling scale mail
  7931 | D:8      | Reached XP level 10. HP: 73/73 MP: 14/14
  7970 | D:8      | Reached skill level 5 in Armour
  8026 | D:8      | Reached skill level 5 in Fighting
  8127 | D:8      | Reached skill level 5 in Dodging
  8265 | D:8      | Reached ** piety under Kikubaaqudgha
  8292 | D:8      | Noticed Grum
  8308 | D:8      | Killed Grum
  8332 | D:8      | Identified the +4 scale mail "Vivaxt" {rN+ Str-4 Dex+2}
                  | (You found it on level 8 of the Dungeon)
  9055 | D:9      | Reached skill level 1 in Necromancy
  9061 | D:9      | Reached XP level 11. HP: 72/84 MP: 8/15
  9085 | D:9      | Reached skill level 2 in Necromancy
  9156 | D:9      | Reached *** piety under Kikubaaqudgha
  9156 | D:9      | Identified Kikubaaqudgha's Compendium of Unholy Rituals
                  | (Kikubaaqudgha gifted it to you on level 9 of the Dungeon)
  9156 | D:9      | Received a gift from Kikubaaqudgha
  9178 | D:9      | Learned a level 4 spell: Dispel Undead
  9184 | D:9      | Learned a level 5 spell: Borgnjor's Vile Clutch
  9222 | D:9      | Found a staircase to the Orcish Mines.
  9421 | D:9      | Reached skill level 1 in Earth Magic
  9466 | D:9      | Reached skill level 3 in Necromancy
  9836 | D:9      | Found Cijeps's Gadget Shop.
 10219 | D:10     | Entered Level 10 of the Dungeon
 10350 | D:10     | Reached skill level 4 in Necromancy
 10529 | D:10     | Learned a level 3 spell: Vampiric Draining
 10643 | D:10     | Noticed a two-headed ogre
 10646 | D:10     | Got a ripped robe
 10667 | D:10     | Killed a two-headed ogre
 10667 | D:10     | Reached skill level 5 in Necromancy
 10667 | D:10     | Reached skill level 5 in Earth Magic
 10953 | D:10     | Reached **** piety under Kikubaaqudgha
 11240 | D:10     | Identified the +1 robe "Edghawonk" {rElec rN+ Int+4 Dex-5}
                  | (You found it on level 10 of the Dungeon)
 11256 | D:10     | Cast into level 2 of the Abyss (unwielding a weapon of
                  | distortion)
 11284 | D:10     | Escaped the Abyss
 11321 | D:10     | Gained mutation: You expend magic power (3 MP) to
                  | strengthen your wands. [potion of mutation]
 11321 | D:10     | Gained mutation: You are frail. (-10% HP) [potion of
                  | mutation]
 11321 | D:10     | Gained mutation: Your flesh is heat resistant. (rF+)
                  | [potion of mutation]
 11322 | D:10     | Lost mutation: Your flesh is heat resistant. (rF+) [potion
                  | of mutation]
 11322 | D:10     | Lost mutation: You expend magic power (3 MP) to strengthen
                  | your wands. [potion of mutation]
 11322 | D:10     | Gained mutation: You are agile. (Dex +2) [potion of
                  | mutation]
 11322 | D:10     | Gained mutation: You have an increased reservoir of magic.
                  | (+10% MP) [potion of mutation]
 11323 | D:10     | Lost mutation: You are agile. (Dex +2) [potion of mutation]
 11323 | D:10     | Lost mutation: You are frail. (-10% HP) [potion of
                  | mutation]
 11323 | D:10     | Gained mutation: Your spells are a little harder to cast,
                  | but a little more powerful. [potion of mutation]
 11323 | D:10     | Gained mutation: Scrolls take you a little longer to read.
                  | [potion of mutation]
 11323 | D:10     | Lost mutation: Your spells are a little harder to cast, but
                  | a little more powerful. [potion of mutation]
 11323 | D:10     | Gained mutation: You possess an exceptional clarity of
                  | mind. [potion of mutation]
 11324 | D:10     | Lost mutation: You have an increased reservoir of magic.
                  | (+10% MP) [potion of mutation]
 11324 | D:10     | Lost mutation: Scrolls take you a little longer to read.
                  | [potion of mutation]
 11324 | D:10     | Gained mutation: Your muscles are strong. (Str +2) [potion
                  | of mutation]
 11324 | D:10     | Gained mutation: You are agile. (Dex +2) [potion of
                  | mutation]
 11452 | D:6      | Killed Maggie
 11452 | D:6      | Reached skill level 6 in Necromancy
 11663 | Orc:1    | Entered Level 1 of the Orcish Mines
 11663 | Orc:1    | Noticed Erolcha
 11669 | D:9      | Reached XP level 12. HP: 82/91 MP: 11/19
 11675 | D:9      | Killed Erolcha
 11928 | Orc:1    | Reached skill level 7 in Necromancy
 12310 | Orc:1    | Found a burning altar of Makhleb.
 12344 | Orc:1    | You fall into a shaft and drop 1 floor!
 12344 | Orc:2    | Entered Level 2 of the Orcish Mines
 12344 | Orc:2    | Found a staircase to the Elven Halls.
 12344 | Orc:2    | Noticed a two-headed ogre
 12370 | Orc:2    | Killed a two-headed ogre
 12456 | Orc:2    | Reached skill level 8 in Necromancy
 12843 | Orc:2    | Found Tem Ruhe's Jewellery Boutique.
 13058 | Orc:2    | Noticed an orc high priest
 13058 | Orc:2    | Noticed an orc high priest
 13061 | Orc:2    | Noticed an orc high priest
 13068 | Orc:2    | Noticed a sixfirhy
 13107 | Orc:2    | Killed an orc high priest
 13107 | Orc:2    | Reached skill level 9 in Necromancy
 13107 | Orc:2    | Reached skill level 5 in Spellcasting
 13115 | Orc:2    | Killed an orc high priest
 13316 | Orc:2    | Reached ***** piety under Kikubaaqudgha
 13399 | Orc:2    | Reached XP level 13. HP: 98/98 MP: 16/21
 13565 | Orc:2    | Found Upafomej's Antique Weapon Shop.
 13569 | Orc:2    | Found Qiuwuw's Assorted Antiques.
 13575 | Orc:2    | Bought a scroll labeled GOUN LO HOEMEANT for 23 gold pieces
 13575 | Orc:2    | Bought a scroll of identify for 46 gold pieces
 13575 | Orc:2    | Bought a scroll of identify for 46 gold pieces
 13575 | Orc:2    | Bought a scroll labeled GOUN LO HOEMEANT for 23 gold pieces
 13575 | Orc:2    | Bought 3 scrolls labeled NYLILAENOA for 69 gold pieces
 13575 | Orc:2    | Bought a cyan potion for 20 gold pieces
 13575 | Orc:2    | Bought a fuming puce potion for 20 gold pieces
 13575 | Orc:2    | Found Plog's Armour Emporium.
 13577 | Orc:2    | Found Quryom's Armour Shop.
 13954 | D:11     | Noticed Urug
 13964 | D:11     | Killed Urug
 14063 | D:11     | Found a staircase to the Lair.
 14165 | D:11     | HP: 2/101 [orc priest/divine providence (11)]
 14314 | D:11     | Noticed Fannar
 14328 | D:11     | Killed Fannar
 14881 | Lair:1   | Entered Level 1 of the Lair of Beasts
 14886 | Lair:1   | Reached skill level 10 in Armour
 14888 | Lair:1   | Reached skill level 10 in Fighting
 14891 | Lair:1   | Reached skill level 1 in Shields
 14947 | Lair:1   | Learned a level 2 spell: Sublimation of Blood
 15118 | Lair:1   | Got a jewelled ring mail
 15129 | Lair:1   | Identified the +4 ring mail "Owuurecs" {rElec rCorr} (You
                  | found it on level 1 of the Lair of Beasts)
 15736 | Lair:2   | Reached XP level 14. HP: 105/110 MP: 24/24
 15753 | Lair:2   | Got a slimy whip
 15754 | Lair:2   | Identified the +4 whip "Goblinbane" {pain, *Rage rElec
                  | MP+9} (You found it on level 2 of the Lair of Beasts)
 15777 | Lair:2   | Reached ****** piety under Kikubaaqudgha
 15777 | Lair:2   | Reached skill level 5 in Shields
 15817 | Lair:1   | Received a gift from Kikubaaqudgha
 15818 | Lair:1   | Fell from the grace of Kikubaaqudgha
 15987 | Temple   | Became a worshipper of Gozag Ym Sagoz the Greedy
 16288 | Lair:2   | Found a staircase to the Shoals.
 17421 | Lair:3   | You fall into a shaft and drop 1 floor!
 17454 | Lair:4   | Found a frozen archway.
 17463 | IceCv    | Entered an ice cave
 18055 | Lair:4   | Reached skill level 10 in Shields
 19609 | Lair:3   | Found a staircase to the Snake Pit.
 20241 | Snake:1  | Entered Level 1 of the Snake Pit
 20387 | Lair:5   | Noticed an entropy weaver
 20398 | Lair:5   | Killed an entropy weaver
 20425 | Lair:5   | Reached XP level 15. HP: 75/115 MP: 6/27
 21285 | Lair:6   | Entered Level 6 of the Lair of Beasts
 21378 | Lair:6   | Found a staircase to the Slime Pits.
 22398 | Lair:6   | Reached skill level 15 in Shields
 22411 | Lair:6   | Was forgiven by Kikubaaqudgha
 23110 | D:12     | Reached skill level 10 in Spellcasting
 23210 | D:12     | Noticed Snorg
 23228 | D:12     | Killed Snorg
 23395 | D:12     | Noticed Nergalle
 23405 | D:12     | Killed Nergalle
 23756 | D:12     | Found a portal to a secret trove of treasure.
 23933 | D:13     | Noticed Nessos
 23953 | D:13     | Killed Nessos
 23953 | D:13     | Reached XP level 16. HP: 103/122 MP: 25/31
 24345 | D:13     | Noticed Maurice
 24349 | D:13     | Noticed Rupert
 24352 | D:13     | Killed Maurice
 24368 | D:13     | Killed Rupert
 24435 | D:13     | Found a hide-covered altar of Uskayaw.
 24756 | D:14     | Found a gate to the Vaults.
 24890 | D:14     | Noticed Josephine
 24894 | D:14     | Killed Josephine
 25619 | D:15     | Entered Level 15 of the Dungeon
 25995 | D:15     | Found a staircase to the Depths.
 26027 | D:15     | Reached XP level 17. HP: 95/128 MP: 26/35
 26048 | D:15     | Reached skill level 15 in Spellcasting
 26308 | D:15     | Found a radiant altar of Vehumet.
 26397 | D:15     | Noticed Jorgrun
 26406 | D:15     | Killed Jorgrun
 26589 | D:15     | Noticed Louise
 26603 | D:15     | Killed Louise
 26672 | D:15     | Found Innoo's General Store.
 26686 | D:15     | Bought a potion of mutation for 96 gold pieces
 27038 | D:15     | Lost mutation: You are agile. (Dex +2) [potion of mutation]
 27038 | D:15     | Lost mutation: Your muscles are strong. (Str +2) [potion of
                  | mutation]
 27038 | D:15     | Lost mutation: You possess an exceptional clarity of mind.
                  | [potion of mutation]
 27038 | D:15     | Gained mutation: You are dopey. (Int -2) [potion of
                  | mutation]
 27038 | D:15     | Gained mutation: You are weak. (Str -2) [potion of
                  | mutation]
 27038 | D:15     | Gained mutation: You are partially covered in thin metallic
                  | scales. (AC +2) [potion of mutation]
 27039 | D:15     | Lost mutation: You are dopey. (Int -2) [potion of mutation]
 27039 | D:15     | Lost mutation: You are partially covered in thin metallic
                  | scales. (AC +2) [potion of mutation]
 27039 | D:15     | Lost mutation: You are weak. (Str -2) [potion of mutation]
 27039 | D:15     | Gained mutation: Armour fits poorly on your strangely
                  | shaped body. [potion of mutation]
 27039 | D:15     | Gained mutation: You are partially covered in icy blue
                  | scales. (AC +2) [potion of mutation]
 27039 | D:15     | Gained mutation: Your flesh is heat resistant. (rF+)
                  | [potion of mutation]
 27040 | D:15     | Lost mutation: Armour fits poorly on your strangely shaped
                  | body. [potion of mutation]
 27040 | D:15     | Lost mutation: You are partially covered in icy blue
                  | scales. (AC +2) [potion of mutation]
 27040 | D:15     | Gained mutation: You do not regenerate when monsters are
                  | visible. [potion of mutation]
 27040 | D:15     | Gained mutation: Your system is resistant to poisons.
                  | (rPois) [potion of mutation]
 27041 | D:15     | Lost mutation: You do not regenerate when monsters are
                  | visible. [potion of mutation]
 27041 | D:15     | Lost mutation: Your system is resistant to poisons. (rPois)
                  | [potion of mutation]
 27041 | D:15     | Gained mutation: You are frail. (-10% HP) [potion of
                  | mutation]
 27041 | D:15     | Gained mutation: Your muscles are strong. (Str +2) [potion
                  | of mutation]
 27041 | D:15     | Gained mutation: Your muscles are very strong. (Str +4)
                  | [potion of mutation]
 27042 | D:15     | Lost mutation: Your muscles are very strong. (Str +4)
                  | [potion of mutation]
 27042 | D:15     | Lost mutation: Your flesh is heat resistant. (rF+) [potion
                  | of mutation]
 27042 | D:15     | Gained mutation: You have sharp fingernails. [potion of
                  | mutation]
 27042 | D:15     | Gained mutation: You are resistant to hostile enchantments.
                  | (MR+) [potion of mutation]
 27293 | Orc:2    | Bought a +2 cloak of poison resistance for 185 gold pieces
 27738 | Snake:1  | You fall into a shaft and drop 1 floor!
 27940 | Snake:2  | Noticed Kirke
 27957 | Snake:2  | Killed Kirke
 28064 | Snake:2  | Noticed Vashnia
 28103 | Snake:2  | Killed Vashnia
 28797 | Snake:1  | Reached XP level 18. HP: 97/120 MP: 34/39
 29532 | D:6      | Bought a pair of runed gloves for 210 gold pieces
 29654 | D:9      | Bought a wand of clouds (6) for 480 gold pieces
 29654 | D:9      | Bought a wand of iceblast (7) for 176 gold pieces
 29783 | Orc:2    | Bought the +9 staff of Wucad Mu {channel} for 2300 gold
                  | pieces
 29783 | Orc:2    | Found the +9 staff of Wucad Mu {channel}
 30180 | Snake:3  | Found a transporter.
 30435 | Snake:3  | Reached skill level 10 in Earth Magic
 30478 | Snake:3  | Found a transporter.
 30647 | Snake:3  | Reached skill level 10 in Necromancy
 30946 | Snake:4  | Entered Level 4 of the Snake Pit
 31093 | Snake:4  | Noticed Saint Roka
 31502 | Snake:4  | Killed Saint Roka
 31502 | Snake:4  | Reached skill level 11 in Necromancy
 31725 | Snake:4  | Noticed Donald
 31737 | Snake:4  | Killed Donald
 31986 | Snake:4  | Reached XP level 19. HP: 66/126 MP: 11/40
 32059 | Snake:4  | Reached skill level 12 in Necromancy
 32420 | Snake:4  | Got a serpentine rune of Zot
 32562 | Snake:4  | Found Cun Dutuci's Food Shoppe.
 32668 | Snake:4  | Reached skill level 13 in Necromancy
 32952 | Shoals:1 | Entered Level 1 of the Shoals
 33960 | Shoals:2 | Reached skill level 15 in Earth Magic
 34870 | Shoals:3 | Reached XP level 20. HP: 128/132 MP: 33/41
 34901 | Shoals:3 | Found Huexkory's Antique Armour Shop.
 34944 | Shoals:3 | Found Limnuic's Assorted Antiques.
 34952 | Shoals:3 | Bought a scroll labeled INIDESOAL for 34 gold pieces
 34952 | Shoals:3 | Bought a long runed staff for 408 gold pieces
 35132 | Shoals:3 | Got a steaming battleaxe
 35165 | Shoals:3 | Found Vetasaroli's Jewellery Shoppe.
 35459 | Shoals:3 | Identified the +8 battleaxe of Luobb {holy, Int+5 Stlth+}
                  | (You found it on level 3 of the Shoals)
 35464 | Shoals:4 | Entered Level 4 of the Shoals
 35476 | Shoals:4 | Reached skill level 14 in Necromancy
 36178 | Shoals:4 | Found Kyotarch's Antique Armour Shop.
 36303 | Shoals:4 | Bought a shiny tower shield for 292 gold pieces
 36412 | Shoals:4 | Identified the Incunabulum of Creative Displacement
 36507 | Shoals:4 | Got a barnacled rune of Zot
 37192 | Vaults:1 | Entered Level 1 of the Vaults
 37504 | Vaults:1 | Found Buuzick's Magic Scroll Shop.
 37508 | Vaults:1 | Bought a scroll of identify for 34 gold pieces
 37508 | Vaults:1 | Bought a scroll of identify for 34 gold pieces
 37508 | Vaults:1 | Bought a scroll of identify for 34 gold pieces
 37508 | Vaults:1 | Bought a scroll of identify for 34 gold pieces
 37631 | Vaults:1 | Found a runed translucent gate.
 37632 | Vaults:1 | Found a runed translucent gate.
 37632 | Vaults:1 | Found a runed translucent gate.
 37633 | Vaults:1 | Noticed theMacoje's ghost (adept OgEn)
 37633 | Vaults:1 | Noticed Xafer's ghost (adept DsGl)
 37663 | Vaults:1 | Reached skill level 15 in Necromancy
 38496 | Vaults:1 | Killed Xafer's ghost
 38501 | Vaults:1 | Killed theMacoje's ghost
 38622 | Vaults:2 | Reached XP level 21. HP: 115/137 MP: 32/42
 38657 | Vaults:2 | Found a magical portal.
 38822 | WizLab   | Entered Iskenderun's Mystic Tower
 39068 | WizLab   | Reached skill level 16 in Necromancy
 40046 | WizLab   | Identified Iskenderun's Handbook of Attacks
 40046 | WizLab   | Identified Iskenderun's Almanac of Damage Dealing
 40137 | Vaults:2 | Learned a level 5 spell: Bolt of Magma
 40146 | Vaults:2 | Learned a level 8 spell: Necromutation
 40156 | Vaults:2 | Learned a level 9 spell: Shatter
 40477 | Vaults:2 | Reached skill level 17 in Necromancy
 40844 | Vaults:2 | Found a staircase to the Crypt.
 40997 | Vaults:2 | Reached skill level 18 in Necromancy
 41028 | Vaults:2 | Identified the +0 kite shield of Gestures {rN++ Dex-5
                  | Stlth+}
 41028 | Vaults:2 | Noticed Asterion
 41035 | Vaults:2 | Killed Asterion
 41035 | Vaults:2 | Reached XP level 22. HP: 65/143 MP: 31/43
 41939 | Vaults:3 | Reached skill level 1 in Transmutations
 42108 | Vaults:3 | Reached skill level 19 in Necromancy
 42126 | Vaults:3 | Reached skill level 5 in Transmutations
 42196 | Vaults:3 | Found a flickering gateway to a bazaar.
 42281 | Bazaar   | Entered a bazaar
 42297 | Bazaar   | Found Wolunel's Book Emporium.
 42312 | Bazaar   | Found Esydoep's Assorted Antiques.
 42316 | Bazaar   | Bought a potion of ambrosia for 128 gold pieces
 42316 | Bazaar   | Bought a knobbly glowing staff for 192 gold pieces
 42316 | Bazaar   | Bought a potion of cancellation for 128 gold pieces
 42316 | Bazaar   | Bought a potion of heal wounds for 80 gold pieces
 42316 | Bazaar   | Bought a leatherbound book for 240 gold pieces
 42327 | Bazaar   | Found Lodafforch's Weapon Emporium.
 42327 | Bazaar   | Found Laah's Antique Armour Shoppe.
 42331 | Bazaar   | Bought a pair of embroidered gloves for 262 gold pieces
 42341 | Bazaar   | Bought a pair of runed gloves for 262 gold pieces
 42382 | Bazaar   | Found Qocviqao's Antique Weapon Shoppe.
 42386 | Bazaar   | Bought a brightly glowing rapier for 198 gold pieces
 42386 | Bazaar   | Identified the +8 rapier "Asamp" {drain, rPois} (You bought
                  | it in a shop in a bazaar)
 42570 | Vaults:3 | Identified the cursed ring "Viatuura" {+Blink rN+ Str+4
                  | Dex-4 Stlth+}
 43339 | Vaults:4 | Reached skill level 10 in Transmutations
 43473 | Vaults:4 | Reached XP level 23. HP: 141/148 MP: 29/44
 43993 | Vaults:4 | Killed from afar by a fire giant

Illustrated notes

Levels and vault maps discovered:
D:1:      shiori_arrival_maze, layout_loops_ring, minmay_3d_cube
D:2:      minmay_diamond_boxcup, layout_loops_cross,
          chequers_ecumenical_altar_simple, kennysheep_cluttered_room,
          minmay_tree_intersection
D:3:      layout_basic, gup_sewer_entry_glass, first_ration,
          kennysheep_generic_room_6, uniq_sigmund
D:4:      layout_gridville, minmay_fountain_box, uniq_pikel
D:5:      layout_rooms, uniq_eustachio
D:6:      layout_basic, serial_shops, shop, uniq_duvessa, uniq_maggie
D:7:      layout_cave_pods, trog_ov_bears_minmay, minmay_temple_entry_grid,
          uniq_prince_ribbit1
D:8:      layout_loops_ring, uniq_grum
D:9:      corexii_shack_village, layout_basic, david_orc_4, serial_shops, shop,
          minmay_liquid_box
D:10:     layout_basic, hangedman_fish_farm, grunt_tough_drop
D:11:     layout_irregular_city, due_lair_maze_entry_diamond, eino_jars,
          uniq_fannar, uniq_urug
D:12:     layout_irregular_city, enter_trove_3, uniq_nergalle, uniq_snorg
D:13:     layout_loops_cross, basic_altar, minivault_16, uniq_rupert,
          uniq_nessos, uniq_maurice
D:14:     layout_basic, skrybe_vaults_entry_preservation,
          chequers_serial_rivers_micro_d, uniq_josephine
D:15:     hangedman_depths_entry_civil_slaughter, layout_basic, serial_aquarium,
          aquarium_bridge_island_small [aquarium_subvault_small_open,
          aquarium_subvault_bridge, aquarium_subvault_wall,
          aquarium_subvault_bridge, aquarium_subvault_wall],
          aquarium_bridge_long_separate [aquarium_subvault_window,
          aquarium_subvault_bridge, aquarium_subvault_bridge,
          aquarium_subvault_wall, aquarium_subvault_bridge,
          aquarium_subvault_window], aquarium_window_2, aquarium_window_2,
          aquarium_view_2c, aquarium_balcony_1a, aquarium_pool_side,
          serial_shops, shop, fountainhead, hangedman_decor_opposing,
          lemuel_altar_in_water, uniq_louise, uniq_jorgrun
Temple:   dpeg_three_leaves_temple
Lair:1:   layout_cave_pods
Lair:2:   layout_small_grid, elwin_shoals_entry_rocks, lemuel_fruit_fields
Lair:3:   layout_layer_cave, dummy_snake_entry, grunt_megastairs_2
Lair:4:   beast_lair_carwin_large_1, layout_cave_shapes,
          portal_ice_cave_entry_pillars_1
Lair:5:   layout_small_grid, zaba_anthell
Lair:6:   evilmike_catoblepas_cave, layout_regular_city,
          minmay_slime_entry_pillars, minmay_stone_trees_medium,
          kennysheep_basilisk_garden
Shoals:1: layout_shoals
Shoals:2: layout_shoals
Shoals:3: nicolae_shoals_island_circles, layout_shoals, serial_shops,
          nicolae_shop_overgrown_old_shop, shop_fountains,
          minmay_shop_enchanted_jewellery
Shoals:4: shoals_end_simple, layout_shoals, serial_shops, shop_fountains
Snake:1:  layout_cave_shapes
Snake:2:  layout_grid_maze, uniq_vashnia, uniq_kirke
Snake:3:  gammafunk_its_a_trap, layout_basic
Snake:4:  johnstein_snake_rune_scales, layout_cave_town, serial_shops,
          shop_statue, nicolae_snake_squiggles, uniq_donald, uniq_saint_roka
Orc:1:    layout_caves, serial_shops, abandoned_shop, bloody_makhleb,
          uniq_erolcha
Orc:2:    st_orc_elflike, layout_caves, serial_shops, shop
Vaults:1: gammafunk_vaults_ghost_cemetery, serial_ice_h, v_misc_22,
          vaults_room_large_hall, ontoclasm_vaults_ring_square,
          nicolae_vaults_border_crossing, nicolae_vaults_little_ls,
          nicolae_vaults_mini_display_case, nicolae_vaults_network_periphery,
          vaults_room_fours, ontoclasm_vaults_chip, hangedman_vaults_capsules,
          vaults_dpeg_encased_lava, layout_vaults_omnigrid, serial_shops,
          shop_fountains
Vaults:2: minmay_crypt_entry_skeletal_spiral, grunt_vaults_funneled_arena,
          nicolae_vaults_little_squares_5, vaults_room_fours,
          vaults_mumra_hexcomb, nicolae_vaults_network_square,
          hangedman_vaults_restitches, nicolae_vaults_ninety_degrees,
          v_pattern_1, vaults_room_door_ring, ontoclasm_vaults_pinch,
          nicolae_vaults_rhombus_7, serial_ice_m, vaults_dpeg_hooks,
          layout_vaults_omnibox, mu_enter_wizlab_6, uniq_asterion
Vaults:3: ontoclasm_vaults_shuriken, vaults_room_hallway, v_misc_18,
          ontoclasm_vaults_claustrophobia, v_misc_11, hangedman_vaults_locks,
          nicolae_vaults_triangles, dpeg_vaults_monster_row, v_misc_12,
          ontoclasm_vaults_ring_small, v_alt_pattern_1, grunt_vaults_bifocal,
          ontoclasm_vaults_ligature, vaults_room_semicircle,
          layout_vaults_maze_bifur, serial_shops, bzr_entry_customers
Vaults:4: nicolae_vaults_network_star, ontoclasm_vaults_ring_large,
          vaults_room_hangedman_quadrants,
          nicolae_vaults_windows_and_doors_thing, v_misc_33,
          dpeg_vaults_monster_box, nicolae_vaults_back_hallway, v_misc_32,
          ontoclasm_vaults_twist, v_misc_33, v_misc_16,
          nicolae_vaults_specimen_jars, nicolae_vaults_rhombus_6,
          layout_vaults_ring

Skill      XL: |  1  2  3  4  5  6  7  8  9 10 11 12 13 14 15 16 17 18 19 20 21 22 23 |
---------------+----------------------------------------------------------------------+-----
Conjurations   | 1 2 3 4 5 6 |  6.0
Fire Magic     | 1 3 5 |  5.0
Air Magic      | 2 5 |  5.0
Fighting       | 1 4 7 8 10 | 10.0
Armour         | 1 4 7 8 10 | 10.0
Dodging        | 2 4 6 7 8 |  8.0
Necromancy     | 1 6 9 11 13 15 18 19 | 19.0
Earth Magic    | 6 9 12 15 17 18 | 18.0
Spellcasting   | 4 5 7 8 11 14 17 | 17.7
Shields        | 4 12 15 | 15.0
Transmutations | 10 12 | 12.2
Stealth        | |  2.4
Summonings     | |  1.0
Translocations | |  0.8

Action                   |  1- 3 |  4- 6 |  7- 9 | 10-12 | 13-15 | 16-18 | 19-21 | 22-24 || total
-------------------------+-------+-------+-------+-------+-------+-------+-------+-------++-------
Melee: Unarmed           |    16 |       |       |       |       |       |       |       ||    16
       Spear             |    13 |       |       |       |       |       |       |       ||    13
       Hand axe          |       |    27 |   226 |   389 |   331 |       |       |       ||   973
       Quarterstaff      |       |    12 |       |       |       |       |       |       ||    12
       Glaive            |       |       |       |     3 |       |       |       |       ||     3
       Demon trident     |       |       |       |       |   848 |   847 |   674 |   252 ||  2621
       Whip              |       |       |       |       |    39 |       |       |       ||    39
 Fire: Hand crossbow     |       |       |       |       |       |    15 |   111 |     2 ||   128
 Cast: Magic Dart        |    69 |    97 |    62 |    68 |    26 |       |       |       ||   322
       Mephitic Cloud    |       |     1 |    40 |    46 |    28 |    12 |     7 |    11 ||   145
       Conjure Flame     |       |       |     3 |    51 |    52 |    26 |     4 |    11 ||   147
       Borgnjor's Vile C |       |       |       |    37 |   130 |   213 |   379 |   141 ||   900
       Vampiric Draining |       |       |       |    24 |     2 |       |       |       ||    26
       Dispel Undead     |       |       |       |     1 |     2 |    11 |    10 |     7 ||    31
       Bolt of Magma     |       |       |       |       |       |       |     1 |       ||     1
       Sublimation of Bl |       |       |       |       |       |       |       |     2 ||     2
Invok: Receive Necronomi |       |       |       |       |     1 |       |       |       ||     1
       Renounce Religion |       |       |       |       |     1 |       |       |       ||     1
 Abil: Dig               |     1 |     6 |    17 |    29 |    23 |    22 |    14 |       ||   112
  Use: Scroll            |       |     2 |     4 |    12 |    20 |     3 |     8 |     3 ||    52
       Potion            |       |     2 |       |     7 |       |     6 |     4 |     1 ||    20
 Stab: Sleeping          |     2 |       |     1 |     1 |     4 |     2 |     1 |     1 ||    12
       Confused          |       |     1 |    15 |    15 |    17 |     5 |       |     3 ||    56
       Distracted        |       |       |       |       |     2 |    10 |     7 |     2 ||    21
  Eat: Chunk             |     2 |     6 |    13 |    41 |    25 |       |       |       ||    87
       Ration            |       |       |     2 |     1 |    15 |    12 |     9 |     3 ||    42
Armor: Robe              |     9 |    26 |    94 |    31 |       |       |       |       ||   160
       Ring mail         |       |       |     4 |       |       |       |       |       ||     4
       Animal skin       |       |       |       |    63 |       |       |       |       ||    63
       Troll leather arm |       |       |       |    32 |   413 |   161 |   131 |    44 ||   781
Dodge: Dodged            |    31 |    60 |   161 |   342 |   814 |   369 |   267 |    92 ||  2136
Block: Tower shield      |       |       |       |       |   764 |   831 |   617 |   227 ||  2439
